 Dungeon Crawl Stone Soup version 0.17.0-26-gececa24 (webtiles) character file.

2 4thArraOfDagon the Scratcher (level 1, -19/9 HPs)
             Began as a Felid Transmuter on Nov 19, 2015.
             Demolished by Tuakurom the merfolk
             ... wielding a +4 trident of freezing
             ... created by the player character
              (26 damage)
             ... on level 1 of the Dungeon.
             The game lasted 00:00:22 (90 turns).

4thArraOfDagon the Scratcher (Felid Transmuter)       Turns: 90, Time: 00:00:23

Health: -19/9      AC:  1    Str:  6    XL:     1   Next: 33%
Magic:  4/4        EV: 13    Int: 19    God:
Gold:   0          SH:  0    Dex: 16    Spells: 1 memorised, 3 levels left
                                        Lives:  0   Deaths: 0

rFire  . . .     SeeInvis +       - Unarmed
rCold  . . .     Clarity  .     (armour unavailable)
rNeg   . . .     SustAt   .     (shield unavailable)
rPois  .         Gourm    .     (helmet unavailable)
rElec  .         Spirit   .     (cloak unavailable)
rCorr  .         Warding  .     (gloves unavailable)
rMut   .         Stasis   .     (boots unavailable)
MR     .....                    (no amulet)
Stlth  ++........               (no ring)
                                (no ring)

@: brilliant, quick, not resistant to hostile enchantments, unstealthy
A: no armour, no weapons or thrown items, claws 1, fangs 3, see invisible,
carnivore 3, speed 1, shaggy fur 1, slow metabolism 1, sharp paws
a: no special abilities


You were on level 1 of the Dungeon.
You were full.

You visited 1 branch of the dungeon, and saw 1 of its levels.

Inventory:

Missiles
 a - 12 arrows
Jewellery
 f - an uncursed ring of invisibility {unknown}
Scrolls
 e - a scroll of recharging {unknown}
Books
 b - a book of Changes

   Spells                             Type                      Level
   a - Beastly Appendage              Transmutation                1
   b - Sticks to Snakes               Transmutation                2
   c - Spider Form                    Transmutation/Poison         3
   d - Ice Form                       Ice/Transmutation            4
   e - Blade Hands                    Transmutation                5
Miscellaneous
 g - a plain deck of changes {drawn: 1}
Comestibles
 c - a meat ration
 d - a beef jerky


   Skills:
 + Level 1.0 Fighting
 + Level 2.8 Dodging
 + Level 1.1 Stealth
 * Level 3.0 Unarmed Combat
 - Level 2.0 Spellcasting
 - Level 2.1 Transmutations


You had 3 spell levels left.
You knew the following spells:

 Your Spells              Type           Power        Failure   Level  Hunger
a - Beastly Appendage     Trmt           ###...       1%          1    #......


Dungeon Overview and Level Annotations

Branches:
Dungeon (1/15)

Altars:
Nemelex Xobeh


Innate Abilities, Weirdness & Mutations

You cannot wear armour.
You are incapable of wielding weapons or throwing items.
You have sharp claws.
You have razor-sharp teeth.
You have supernaturally acute eyesight.
You are carnivorous and can eat meat at any time.
You cover ground quickly.
You are covered in fur (AC +1).
You have a slow metabolism.
Your sharp claws are effective at attacking unaware monsters.


Message History

You see here a marble ring.
f - a marble ring
There is a stone staircase leading down here.
Found 17 stones.
There is a sparkling altar of Nemelex Xobeh here.
You see here a plain deck of cards.
g - a plain deck of cards Evoke which item? (* to show all) (? for menu, Esc to quit)
You draw a card...
It is the Mercenary.
You cannot afford Tuakurom's fee of 311 gold!
Tuakurom attacks!
Tuakurom the merfolk comes into view. It is wielding a trident of freezing.
Unknown command.
Unknown command.
Unknown command.
There is a stone staircase leading down here.
Unknown command.
Tuakurom hits you from afar with a trident of freezing!!
Ouch! That really hurt!
You die...

.# .# .# ######.#
.(. #.### #.#
.... #
##m###.#####.#
#...@........
#_.#..#.##.####
.#####...........
.....#..#........
#.........##.#..
#..###.#..# # #.
#......# .
#.#.##....# #
#.#.# #####


You could see Tuakurom the merfolk.

Vanquished Creatures
  A goblin (D:1)
  A kobold (D:1)
2 creatures vanquished.

Notes
Turn   | Place    | Note
--------------------------------------------------------------
     0 | D:1      | 4thArraOfDagon the Felid Transmuter began the quest for the Orb.
     0 | D:1      | Reached XP level 1. HP: 9/9 MP: 4/4
    65 | D:1      | Reached skill level 1 in Stealth
    79 | D:1      | Found a sparkling altar of Nemelex Xobeh.
    87 | D:1      | Noticed Tuakurom
    90 | D:1      | Demolished by Tuakurom the merfolk

Action                   || total
-------------------------++-------
Melee: Unarmed           ||     5
Evoke: Deck              ||     1
  Use: Potion            ||     1
  Eat: Chunk             ||     3
